Map: The Vermillion Problem

Players

LilArrin

  • Race: Terran Terran
  • Spawn Location: 11:00

LilArrin

  • Race: Protoss Protoss
  • Spawn Location: 11:00

VOD

Have the link to the VOD?

Description

Time

  • Played on: July 16, 2017, 3:24 a.m.
  • Length: 22:23
Show
View Real Time Build Order
Export as new Build Order

LilArrin Terran 

Build Orders:  

Get SALT Encoding   

  12  0:03  SCV  
  13  0:20  SCV  
  14  0:34  Supply Depot  
  14  0:37  SCV  
  15  0:54  SCV  
  16  1:11  SCV  
  17  1:24  Command Center  
  17  1:29  SCV  
  18  1:46  SCV  
  18  1:48  Barracks  
  19  2:03  SCV  
  20  2:21  Orbital Command  
  20  2:46  Command Center  
  20  2:57  SCV  
  21  3:04  Orbital Command  
  21  3:11  Refinery  
  21  3:14  SCV  
  22  3:22  Refinery  
  22  3:31  SCV  
  23  3:40  SCV  
  23  3:48  SCV  
  25  3:57  SCV  
  26  4:00  Command Center, Combat Shields  
  26  4:05  Barracks Tech Lab  
  26  4:08  SCV  
  27  4:15  Barracks  
  27  4:22  SCV  
  28  4:48  Orbital Command  
  28  4:49  SCV  
  29  4:52  Medic, Barracks Reactor  
  31  5:03  Marine, SCV  
  31  5:07  SCV  
  34  5:13  Medic  
  34  5:19  SCV  
  36  5:23  Marine  
  36  5:28  SCV  
  39  5:33  Medic  
  41  5:40  Orbital Command  
  41  5:43  Marine  
  42  6:07  Command Center  
  42  6:20  Marine  
  43  6:39  Command Center  
  43  6:47  Engineering Bay  
  43  6:52  Factory, Stabilizer Medpacks  
  43  6:53  Barracks  
  43  6:54  Barracks, Marine  
  43  6:55  Engineering Bay  
  43  6:57  Marine  
  45  7:05  Marine  
  45  7:06  Marine  
  47  7:16  Marauder, Marine  
  47  7:19  Marine  
  50  7:23  SCV  
  50  7:29  Marauder  
  52  7:31  Marine, Barracks Tech Lab  
  52  7:32  Barracks Reactor  
  52  7:37  Marine  
  55  7:42  Marauder  
  55  7:45  Terran Infantry Weapons Level 1, Marine  
  55  7:47  Marine  
  59  7:52  Concussive Shells  
  59  7:54  Marauder  
  59  7:55  Marine  
  59  7:56  Orbital Command  
  59  7:57  Marine  
  59  7:58  SCV  
  59  7:59  Marine, SCV  
  63  8:04  Factory Tech Lab, Terran Infantry Armor Level 1  
  63  8:05  Marine  
  66  8:12  SCV  
  66  8:13  SCV  
  66  8:16  Refinery  
  66  8:17  Marine  
  69  8:21  Refinery  
  69  8:24  Marine  
  70  8:30  Orbital Command  
  70  8:34  Marine x2  
  70  8:35  Marauder  
  70  8:36  Marine  
  70  8:38  Marine  
  75  8:44  Marine x2  
  75  8:46  Marine  
  75  8:48  Marauder  
  76  8:53  SCV  
  76  8:58  Marine x2  
  76  8:59  Marauder, Replenishable Magazine  
  79  9:01  Marine x2  
  79  9:03  Marine  
  79  9:07  Armory  
  86  9:11  Marine  
  86  9:12  Marine  
  86  9:13  SCV  
  86  9:14  SCV  
  86  9:16  Marine x2  
  86  9:17  Medic, Marauder  
  94  9:22  Marine  
  94  9:24  Marine  
  98  9:43  Supply Depot  
  98  9:44  Marine x3  
  98  9:45  Supply Depot  
  98  9:46  SCV x2  
  103  9:51  Command Center  
  103  9:53  Marine  
  103  9:55  Marine x2  
  103  9:57  Marine  
  106  10:02  Marine x2  
  106  10:03  Marine  
  106  10:05  Marine  
  106  10:06  Marine  
  106  10:07  Marine  
  98  10:12  Medic x2  
  98  10:13  Marine  
  98  10:16  Marine x2  
  98  10:17  Marine  
  101  10:22  Marine x2  
  101  10:23  Marine  
  101  10:26  Marine x2  
  101  10:28  Marine  
  102  10:33  Marauder, Marine  
  102  10:34  Marine  
  102  10:36  Marine x2  
  102  10:38  Marine  
  108  10:43  Marine  
  108  10:44  Marine  
  108  10:45  Marine  
  106  10:57  Command Center  
  104  11:04  Marine, SCV  
  104  11:05  Marine, SCV  
  104  11:06  Marauder  
  104  11:09  Marine x2  
  107  11:10  Marauder  
  107  11:15  SCV  
  107  11:16  SCV  
  107  11:17  Marine  
  114  11:21  Marine x2, SCV  
  114  11:28  Marine x2  
  114  11:29  Marauder  
  114  11:33  Orbital Command, Supply Depot  
  114  11:37  Marine x2  
  118  11:42  Marine x2  
  118  11:43  Medic  
  124  11:59  Marine x2  
  124  12:00  Marauder x2  
  124  12:09  Vulture  
  128  12:15  SCV x2  
  128  12:18  Cerberus Mines  
  128  12:19  Vulture, Terran Infantry Weapons Level 2, Terran Infantry Armor Level 2  
  129  12:29  Marine  
  123  12:30  Marine, Vulture  
  123  12:31  Marauder x2  
  123  12:38  Marine x2  
  129  12:40  Vulture  
  129  12:43  Marauder  
  129  12:44  Marauder  
  129  12:45  Orbital Command  
  137  12:50  Vulture  
  137  12:56  Barracks x2  
  139  13:00  Barracks, Vulture  
  139  13:01  Barracks  
  139  13:03  Marine x2  
  143  13:10  Vulture  
  143  13:16  Marine x2  
  143  13:17  Marine  
  143  13:18  Marauder x2  
  152  13:36  Barracks Reactor, Barracks Tech Lab x2  
  152  13:37  Barracks Reactor  
  152  13:39  Marine  
  152  13:41  Marine x3  
  152  13:42  Marauder, Marine  
  152  13:44  Vulture  
  152  13:49  Marine  
  151  13:51  Marine x2  
  151  13:57  Supply Depot  
  151  13:58  Vulture  
  151  13:59  Supply Depot  
  152  14:08  Vulture  
  152  14:17  SCV  
  152  14:18  SCV x2  
  155  14:25  Marine x3  
  155  14:26  Marauder  
  155  14:27  Marauder  
  162  14:37  Marine x2  
  162  14:40  Marine x2  
  162  14:41  Marine  
  162  14:45  Marauder  
  162  14:46  Marauder  
  162  14:47  Medic, Marauder  
  168  14:56  Supply Depot  
  168  14:57  Marine  
  168  14:58  Supply Depot, Marine x2  
  168  14:59  Marine, Marauder x2, Supply Depot  
  150  15:00  Marine  
  141  15:11  Marine x3  
  141  15:12  Marauder x2  
  141  15:14  Marine x2  
  141  15:15  Marine  
  141  15:18  Marine  
  141  15:19  Marine  
  136  15:24  Marine x2  
  136  15:27  Marine x2  
  138  15:30  Marine  
  137  15:55  Marine x2  
  137  15:56  Marine  
  137  15:57  Marauder, Marine  
  137  15:58  Marauder  
  140  16:15  Missile Turret  
  140  16:17  Marine x2  
  140  16:18  Marine x2  
  140  16:19  Medic, Marauder x2  
  138  16:21  Missile Turret  
  138  16:28  SCV  
  138  16:29  SCV x3  
  149  16:38  Marine x2  
  149  16:39  Marine  
  146  16:41  Marine x3  
  146  16:42  Marauder x2  
  146  16:45  Marine x2  
  158  16:55  SCV  
  157  17:02  Marine  
  157  17:05  Missile Turret  
  156  17:10  Marine x2  
  156  17:12  SCV  
  156  17:16  Marine x3  
  161  17:20  Marine x2, SCV  
  161  17:29  SCV  
  165  17:37  SCV  
  166  17:40  Marine  
  166  17:41  Marine x2  
  166  17:42  Medic x2, Marauder x2, Marine  
  166  17:43  Marine x2  
  166  17:46  SCV  
  181  17:53  Supply Depot  
  181  17:54  SCV  
  181  17:58  Marine x2  
  182  18:00  Marine x3  
  182  18:01  Marauder  
  189  18:26  Marine x4  
  189  18:27  Marine x2  
  193  18:31  SCV  
  193  18:32  SCV x3  
  193  18:37  Marine  
  193  18:38  Marine x2  
  189  18:42  Marine x3  
  189  18:48  Marine x3  
  192  18:51  Marine x3  
  192  18:52  Marauder  
  194  19:13  Marine x2  
  194  19:14  Marauder  
  194  19:17  Marine x2  
  194  19:18  Marine  
  194  19:19  Marauder x3, Marine  
  143  19:20  Marine x2  
  143  19:23  Marine  
  143  19:24  Marine  
  143  19:26  Medic  
  143  19:27  Marine  
  143  19:28  Marine x2  
  143  19:29  Marine  
  150  19:30  Marine x2  
  150  19:31  Medic, Marauder  
  150  19:32  Marauder  
  150  19:33  SCV x3  
  150  19:34  Marine x2  
  150  19:37  Marine x2  
  150  19:38  Marine  
  150  19:41  Marauder  
  150  19:44  Medic, Marine, SCV  
  150  19:45  Marine  
  150  19:46  Marine x2  
  135  19:52  Marine  
  135  19:53  Marine x4  
  135  19:56  Marine  
  141  20:02  Marine x3  
  141  20:03  Marine  
  141  20:04  Marauder  
  141  20:06  Marine x3  
  141  20:07  Marauder  
  141  20:09  Marine  
  144  20:19  Marine x3  
  143  20:20  Marine x2  
  143  20:22  Marine  
  143  20:23  Marine  
  150  20:31  Marine x2  
  150  20:32  Marine x2  
  150  20:33  Medic x2, Marauder x2, Marine x2  
  150  20:34  Marine  
  150  20:35  Marine  
  166  20:41  Marine x2  
  166  20:42  Marine x2  
  166  20:43  Marine  
  166  20:44  Marauder, Marine  
  166  20:45  Marauder, Marine x2  
  166  20:46  Marauder  
  166  20:47  Marine  
  156  20:51  Marine  
  156  20:52  Marine x3  
  156  20:54  Marauder  
  156  20:57  Marine x4  
  145  21:05  Marine x2  
  145  21:07  Marine x2  
  147  21:15  Marine  
  147  21:16  Marine x2  
  147  21:17  Marauder x2  
  155  21:20  Marine x2  
  155  21:21  Marine  
  155  21:22  Marauder  
  155  21:24  Marine x2  
  155  21:25  Marine  
  155  21:26  Marine  
  155  21:27  Marine  
  155  21:29  Marauder, Marine x2  
  158  21:30  Marine  
  158  21:31  Marine x2  
  158  21:34  Marauder  
  158  21:35  Marauder  
  158  21:36  Marine x3  
  158  21:37  Marine  
  158  21:39  Marine  
  172  21:40  Marauder  
  172  21:41  Marine x4  
  172  21:46  Marine  
  172  21:47  Marine x2  
  181  21:53  Marine  
  181  21:54  Marine x3  
Show
View Real Time Build Order
Export as new Build Order

LilArrin Protoss 

Build Orders:  

Get SALT Encoding   

Tags
 
Add a new tag
Caveats
  • Supply blocks, unpowered buildings, or Contaminate may cause inaccurate times.
  • Supply counts are checked every 10 seconds.